 Dungeon Crawl Stone Soup version 0.16-a0-465-g631e55c (webtiles) character file.

121 goblolo the Ducker (level 4, -3/24 HPs)
             Began as a Spriggan Abyssal Knight on Sept 16, 2014.
             Was a Follower of Lugonu.
             Slain by a sixfirhy (8 damage)
             ... on Level 1 of the Abyss.
             The game lasted 00:03:43 (812 turns).

goblolo the Ducker (Spriggan Abyssal Knight)         Turns: 812, Time: 00:03:44

HP  -3/24        AC  2     Str  8      XL: 4   Next: 76%
MP   9/9         EV 18     Int 13      God: Lugonu [*.....]
Gold 0           SH  0     Dex 16      Spells:  0 memorised,  3 levels left

rFire  . . .     SeeInvis +     a - +1 spear
rCold  . . .     Clarity  .     b - +0 robe
rNeg   . . .     rCorr    .     (shield restricted)
rPois  .         rRot     .     (helmet restricted)
rElec  .         Spirit   .     (no cloak)
SustAb .         Warding  .     (gloves unavailable)
rMut   .         Stasis   .     (boots unavailable)
Gourm  .                        (no amulet)
MR     .....                    (no ring)
                                f - ring of stealth

@: very quick, not resistant to hostile enchantments, unstealthy
A: unfitting armour, see invisible, herbivore 3, speed 3, slow metabolism 2
a: Depart the Abyss, Renounce Religion


You were on level 1 of the Abyss.
You worshipped Lugonu.
Lugonu was aware of your devotion.
You were not hungry.

You visited 0 branches of the dungeon, and saw 0 of its levels.
You visited the Abyss 1 time.

Inventory:

Hand weapons
 a - a +1 spear (weapon)
Armour
 b - a +0 robe (worn)
Jewellery
 f - a ring of stealth (left hand)
Potions
 c - a potion of porridge
 d - a potion of curing
 e - a potion of brilliance


   Skills:
 + Level 3.3 Fighting
 * Level 3.1 Polearms
 - Level 3.5 Dodging
 - Level 1.7 Invocations


You had 3 spell levels left.
You didn't know any spells.

Dungeon Overview and Level Annotations

Branches:
Dungeon (0/15)

Altars:


Innate Abilities, Weirdness & Mutations

You are tiny and cannot use many weapons and most armour.
You have supernaturally acute eyesight.
You are a herbivore.
You cover ground extremely quickly.
You need consume almost no food.


Message History

Press: ? - help, Dir - move target cursor, f/p - iron imp
Aim: an iron imp You reach to attack!
You hit the iron imp but do no damage. You hit the iron imp but do no damage.
The iron imp hits you.
You hit the iron imp.
The iron imp is lightly wounded.
A tentacled starspawn comes into view.
You hit the iron imp.
The iron imp is moderately wounded.
The iron imp closely misses you.
A tentacle flies out from the starspawn's body!
A tentacled starspawn comes into view.
A tentacle flies out from the starspawn's body!
The sixfirhy hits you. The sixfirhy shocks you!
The sixfirhy completely misses you.
You hit the sixfirhy but do no damage. The sixfirhy misses you.
The sixfirhy hits you!
* * * LOW HITPOINT WARNING * * *
The sixfirhy shocks you!
You die...

...#. .... # #. ####.#
.# ###...##.##.###
#..#.....5..#.#
#...#.###....# .
#.......# #.w# #
#..##.#.#.##...##X.#..
#......##4.#.....#* .#
#.....@..#.#....####
#...#.#...#....#.# .
#. ..###.#.#.#### #
##.##..# ##...### .##.
# .... ##.### .##
...#..#..# ##.# . .#.
. # #.. .# #..
..#.......# . #... ..
. #


You could see a sixfirhy.

Vanquished Creatures
  A small abomination (Abyss:1)
  2 ufetubi (Abyss:1)
3 creatures vanquished.

Vanquished Creatures (others)
  3 starspawn tentacles (Abyss:1)
  10 starspawn tentacle segments (Abyss:1)
13 creatures vanquished.

Grand Total: 16 creatures vanquished

Notes
Turn   | Place    | Note
--------------------------------------------------------------
     0 | Abyss:1  | goblolo, the Spriggan Abyssal Knight, began the quest for the Orb.
     0 | Abyss:1  | Reached XP level 1. HP: 11/11 MP: 2/2
    61 | Abyss:1  | Noticed a thrashing horror
   174 | Abyss:1  | Noticed a bone dragon
   459 | Abyss:1  | Noticed a starcursed mass
   517 | Abyss:1  | Noticed a small abomination
   543 | Abyss:1  | Killed a small abomination
   543 | Abyss:1  | Reached XP level 2. HP: 14/16 MP: 4/4
   543 | Abyss:1  | Reached XP level 3. HP: 17/20 MP: 6/6
   543 | Abyss:1  | Reached XP level 4. HP: 20/24 MP: 9/9
   585 | Abyss:1  | Noticed a giant orange brain
   778 | Abyss:1  | Noticed a wretched star
   790 | Abyss:1  | Noticed a sixfirhy
   800 | Abyss:1  | Noticed a tentacled starspawn
   801 | Abyss:1  | Noticed a tentacled starspawn
   812 | Abyss:1  | Slain by a sixfirhy

Action                   |  1- 3 |  4- 6 || total
-------------------------+-------+-------++-------
Melee: Spear             |    20 |    12 ||    32
  Use: Potion            |     2 |       ||     2
       Scroll            |     1 |       ||     1
